 Dungeon Crawl Stone Soup version 0.18-a0-1745-gffa9a88 (webtiles) character file.

23464 tyvek the Unseen (level 12, -4/51 HPs)
             Began as a Spriggan Enchanter on Apr 12, 2016.
             Was an Initiate of Gozag.
             Slain by an orc warrior
             ... wielding a +0 mace
              (31 damage)
             ... on level 2 of the Orcish Mines.
             The game lasted 01:01:39 (19006 turns).

tyvek the Unseen (Spriggan Enchanter)              Turns: 19006, Time: 01:01:39

Health: -4/51      AC:  7    Str:  5    XL:     12   Next: 72%
Magic:  19/25      EV: 36    Int: 18    God:    Gozag
Gold:   3085       SH:  5    Dex: 19    Spells: 4 memorised, 19 levels left

rFire  . . .     SeeInvis +     a - +3 dagger (venom)
rCold  . . .     Gourm    .     i - +2 robe {rN+}
rNeg   + . .     Faith    .     (shield restricted)
rPois  +         Spirit   .     l - +2 hat {SInv}
rElec  +         Dismiss  .     r - +0 cloak
rCorr  .         Reflect  +     (gloves unavailable)
SustAt .         Harm     .     (boots unavailable)
MR     ++...                    H - +5 amulet of reflection
Stlth  ++++++++..               K - ring of poison resistance {rPois, !d}
                                P - +5 ring of evasion

@: very quick, very resistant to hostile enchantments, extraordinarily stealthy
A: unfitting armour, see invisible, herbivore 3, speed 3, electricity
resistance, slow metabolism 2
a: Potion Petition, Call Merchant, Bribe Branch, Renounce Religion


You were on level 2 of the Orcish Mines.
You worshipped Gozag.
Gozag was noncommittal.
You were hungry.

You visited 3 branches of the dungeon, and saw 15 of its levels.
You also visited: Ossuary.

You collected 3239 gold pieces.
You paid 154 gold pieces to Gozag.

Inventory:

Hand Weapons
 a - a +3 dagger of venom (weapon)
   (You took it off a kobold on level 1 of the Dungeon)
 b - a +3 short sword of freezing
   (You took it off Duvessa on level 5 of the Dungeon)
Armour
 i - a +2 robe of positive energy (worn)
   (You took it off an orc sorcerer on level 1 of the Orcish Mines)
 l - a +2 hat of see invisible (worn)
   (You took it off Gastronok on level 1 of the Orcish Mines)
 r - a +0 cloak (worn)
   (You found it on level 6 of the Dungeon)
 y - a +1 robe of cold resistance
   (You took it off Fannar on level 1 of the Orcish Mines)
Rods
 W - a +0 iron rod (11/11)
   (You took it off an orc warrior on level 12 of the Dungeon)
Jewellery
 h - an uncursed ring of wizardry {Wiz+, !d}
   (You found it on level 1 of the Dungeon)
 v - an uncursed ring of ice {rC+, rF-}
   (You took it off Fannar on level 1 of the Orcish Mines)
 H - a +5 amulet of reflection (around neck)
   (You found it in an ossuary)
 K - a ring of poison resistance (right hand) {rPois, !d}
   (You found it in an ossuary)
 P - a +5 ring of evasion (left hand)
   (You found it on level 10 of the Dungeon)
Wands
 D - a wand of lightning (5/15)
   (You found it on level 7 of the Dungeon)
 E - a wand of slowing (19/48)
   (You found it on level 7 of the Dungeon)
 R - a wand of polymorph (8/24)
   (You found it on level 10 of the Dungeon)
Scrolls
 o - 3 scrolls of recharging
 t - 5 scrolls of remove curse
 u - 6 scrolls of teleportation
 A - a scroll of magic mapping {!r}
 B - 2 scrolls of fog
 F - a scroll of enchant weapon
 G - 4 scrolls of fear
 J - 2 scrolls of enchant armour
 T - a scroll of amnesia
Potions
 e - 2 potions of haste
 f - 4 potions of mutation {!q}
 g - a potion of flight {unknown}
 j - 8 potions of curing
 k - 4 potions of magic
 q - a potion of might {unknown}
 s - 2 potions of resistance
 w - a potion of ambrosia
 x - a potion of berserk rage {unknown}
 z - 3 potions of agility
 C - 2 potions of cure mutation {!q}
 I - 3 potions of brilliance {unknown}
Books
 c - a book of Maledictions
 m - a book of Cantrips
   (You found it on level 2 of the Dungeon)
 n - a book of Enchantments
   (You found it on level 2 of the Dungeon)
 N - a book of Flames
   (You found it on level 10 of the Dungeon)
 V - the Volume of Dusty Creation
   (You found it on level 12 of the Dungeon)

   Spells                             Type                      Level
   a - Summon Guardian Golem          Hexes/Summoning              3
   b - Summon Mana Viper              Hexes/Summoning              5
   c - Summon Hydra                   Summoning                    7
Comestibles
 d - 7 bread rations {@e1}
 O - 3 fruits
 Q - 10 royal jellies


   Skills:
 - Level 12.0 Short Blades
 + Level 13.9 Dodging
 * Level 16.2 Stealth
 * Level 8.9 Spellcasting
 * Level 8.9 Hexes
 - Level 4.8 Ice Magic


You had 19 spell levels left.
You knew the following spells:

 Your Spells              Type           Power        Failure   Level  Hunger
a - Ensorcelled Hibernat  Hex/Ice        ####..       1%          2    None
b - Tukima's Dance        Hex            #####...     1%          3    None
c - Confuse               Hex            #####...     1%          3    None
v - Corona                Hex            #####..      1%          1    None


Dungeon Overview and Level Annotations

Branches:
Dungeon (12/15)            Temple (1/1) D:7            Lair (0/8) D:9
    Orc (2/2) D:12            Elf (0/3) Orc:2

Altars:
Ashenzari
Cheibriados
Dithmenos
Elyvilon
Fedhas
Gozag
Kikubaaqudgha
Makhleb
Nemelex Xobeh
Okawaru
Pakellas
Qazlal
Ru
Sif Muna
Trog
Vehumet
Xom
Yredelemnul
Zin
The Shining One
Beogh

Shops:
D:6 !   D:10 ?   Orc:1 *   Orc:2 [[*(

Annotations:
Orc:2 Saint Roka


Innate Abilities, Weirdness & Mutations

You are tiny and cannot use many weapons and most armour.
You have supernaturally acute eyesight.
You are a herbivore.
You cover ground extremely quickly.
You need consume almost no food.
You are resistant to electric shocks.


Message History

The helpless orc warrior fails to defend itself.
You skewer the orc warrior like a kebab!!!!!
You kill the orc warrior!
You start resting.
The orc shouts!
The orc sorcerer closely misses you.
Aim: an orc sorcerer, wielding a dagger and wearing a robe (chance to defeat MR: 43%)
The orc sorcerer looks drowsy...
The orc warrior shouts! x2
You now have 21/25 mp.
The helpless orc sorcerer fails to defend itself.
You skewer the orc sorcerer like a kebab!!!!!
You kill the orc sorcerer!
The orc warrior closely misses you.
Things that are here:
4 gold pieces; a dagger; a robe
Aim: an orc warrior, wielding a war axe and wearing a plate armour (chance to defeat MR: 61%)
The orc warrior resists with significant effort.
The orc warrior completely misses you.
You now have 20/25 mp.
Aim: an orc warrior, wielding a war axe and wearing a plate armour (chance to defeat MR: 61%)
The orc warrior looks drowsy...
You now have 18/25 mp.
The helpless orc warrior fails to defend itself.
You spit the orc warrior like a pig!!!!!
You kill the orc warrior!
Things that are here:
5 gold pieces; a war axe; a plate armour An orc warrior comes into view.
It is wielding a long sword.
An orc warrior comes into view. It is wielding a flail of protection.
The ogre shouts!
The orc warrior shouts! x2; The orc knight shouts!
You hit the ogre.
The ogre is poisoned.
You hear a shout!
The ogre completely misses you.
You hit the ogre.
The ogre looks even sicker.
The orc warrior throws a tomahawk.
The tomahawk completely misses you.
Aim: an ogre, wielding a giant club (moderately wounded, poisoned, chance to defeat MR: 61%)
The ogre resists with significant effort.
The orc warrior hits you with a long sword!
The ogre completely misses you.
The orc warrior throws a tomahawk.
You reflect the tomahawk off an invisible shield around you!
The tomahawk barely misses the orc warrior.
You take 14 damage, and have 22/51 hp.
MASSIVE DAMAGE!!
You now have 17/25 mp.
The orc knight roars a battlecry!
The orc warriors go into a battle-frenzy!
The orc knight hits you but does no damage.
The orc sorcerer mumbles some strange words.
You block the orc warrior's attack.
You hear a shout!
The orc warrior shouts!
You barely miss the orc warrior.
The orc warrior hits you with a flail of protection!
* * * LOW HITPOINT WARNING * * *
The warg howls! x2
You take 16 damage, and have 7/51 hp.
MASSIVE DAMAGE!!
Drink which item? (? for menu, Esc to quit)
You feel much better. You block the orc warrior's attack.
The ogre completely misses you.
You regained 30 hp, and now have 37/51 hp.
The orc warrior completely misses you. The orc warrior misses you.
The orc high priest shouts!
You hear a shout!
The warg completely misses you.
The orc high priest utters an invocation to Beogh.
An orc sorcerer comes into view. It is wielding a dagger.
You barely miss the rust devil. The orc warrior completely misses you.
The warg closely misses you. The orc warrior completely misses you.
The orc sorcerer moves out of view.
An orc knight comes into view. It is wielding a great sword.
The orc knight roars a battlecry!
The orc goes into a battle-frenzy!
The rust devil completely misses you.
The hellwing hits something.
The orc sorcerer casts a spell.
The orc knight moves out of view.
The orc high priest invokes the aid of Beogh against you.
You resist with almost no effort.
The orc high priest completely misses you.
The orc knight roars a battlecry!
The orc warriors go into a battle-frenzy!
The orc knight roars a battlecry!
The orc warrior goes into a battle-frenzy!
The sixfirhy misses you.
The hellwing swoops through the air toward you!
The hellwing closely misses you. The hellwing misses you.
The orc high priest hits you from afar with a glaive.
You take 3 damage, and have 35/51 hp.
Unknown command.
The hellwing blocks your attack.
The orc warrior shouts!
The orc knight shouts!
You block the sixfirhy's attack. The sixfirhy hits you.
The sixfirhy shocks you. You resist.
The orc knight roars a battlecry!
The orc warrior goes into a battle-frenzy!
The orc sorcerer gestures at you while chanting.
You resist with almost no effort. The orc warrior hits you with a mace!!
Ouch! That really hurt!
You die...
Your body crumbles into a pile of gold.

#.......#.......o...,,* **,
#.......#..o........,** *,,
#..###......o.......,,******,
****#..#^#.....o........,,,*,**,,
*,*,#..###..oo#hO4......,,,,,,,*,
,,,,.......(.....o.....P,,,,,,,,,
*,*...........ooo.......,,,,,,,,,
***#oo#.#...##.o4..∩.P..,,,,,,,,,
#...#.o....ho@.....PP,,,,,,,,,
*#.....#....4.4P.8...,,,,,,,,,
*#.#.#......o..P.o.P,,,,,,,,,
####.......P.P..P..,,,,,,,,,
**.......o.......,,,,,,,,,
*,...............,,,,,,,,,
**.#.............,,,,,,,,,
**..............,,,,,,,,,
**,,*,,,,,,,,,,,,,,,,,,,,


You could see 4 orc knights, an orc high priest, a hellwing, an ice devil, a
rust devil, a sixfirhy, 2 wargs, 2 orc sorcerers, 7 orc warriors, an ogre and an
orc.

Vanquished Creatures
  Gastronok (Orc:1)
  A hydra (D:11)
  A centaur warrior (D:11)
  Fannar (Orc:1)
  2 hill giants
  An orc knight (Orc:2)
  An ugly thing (D:12)
  2 orc sorcerers
  2 cyclopes
  The ghost of AtomicRavioli the Poker, an amateur NaGl (Ossuary)
  5 trolls
  20 yaks
  2 vampires
  A basilisk (D:9)
  2 hippogriffs (D:12)
  3 hungry ghosts
  A wraith (D:11)
  Menkaure (D:5)
  Edmund (D:5)
  3 wargs (Orc:1)
  2 soldier ants (D:9)
  A water moccasin (D:9)
  Duvessa (D:5)
  4 porcupines (D:9)
  14 orc warriors
  4 sky beasts
  2 wasps
  4 ice beasts
  5 phantoms
  A black bear (D:6)
  A necrophage (D:7)
  11 ogres
  9 centaurs
  A crocodile (D:9)
  7 big kobolds
  8 giant frogs
  A wyvern skeleton (D:12)
  Dowan (D:5)
  A water moccasin skeleton (D:7)
  12 scorpions
  7 wights
  15 killer bees
  A howler monkey (D:9)
  4 crimson imps
  A giant frog zombie (D:9)
  3 human zombies (Ossuary)
  A quasit (D:5)
  4 centaur zombies (Ossuary)
  11 orc priests
  2 centaur skeletons
  3 giant frog skeletons
  8 hounds
  3 jellies
  2 iguanas
  10 orc wizards
  6 worker ants
  2 big kobold zombies (Ossuary)
  A hound zombie (D:5)
  3 hound skeletons
  3 mummies (Ossuary)
  2 worker ant zombies
  9 gnolls
  4 scorpion zombies (Ossuary)
  15 adders
  4 river rats (D:9)
  A shadow imp (D:9)
  3 oozes
  2 adder skeletons (D:4)
  2 adder zombies
  4 worms
  5 dart slugs
  3 giant geckos
  70 orcs
  9 bats
  7 giant cockroaches
  6 goblins
  6 hobgoblins
  17 jackals
  4 quokkas
  2 ball pythons
  A giant cockroach zombie (D:6)
  A giant gecko skeleton (D:8)
  8 giant newts
  A goblin zombie (Ossuary)
  2 hobgoblin zombies (Ossuary)
  47 kobolds
  2 kobold zombies (Ossuary)
  3 orc zombies (Ossuary)
  6 rats
478 creatures vanquished.

Vanquished Creatures (others)
  A scorpion (Ossuary)
  9 fungi (Orc:2)
10 creatures vanquished.

Grand Total: 488 creatures vanquished

Notes
Turn   | Place    | Note
--------------------------------------------------------------
     0 | D:1      | tyvek the Spriggan Enchanter began the quest for the Orb.
     0 | D:1      | Reached XP level 1. HP: 9/9 MP: 5/5
   172 | D:1      | Reached skill level 3 in Spellcasting
   394 | D:1      | Reached XP level 2. HP: 9/13 MP: 4/7
   395 | D:1      | Reached skill level 4 in Hexes
   488 | D:1      | Learned a level 2 spell: Ensorcelled Hibernation
  1086 | D:2      | Reached XP level 3. HP: 13/16 MP: 9/9
  1133 | D:2      | Learned a level 3 spell: Confuse
  1137 | D:2      | Learned a level 3 spell: Tukima's Dance
  1334 | D:2      | Reached skill level 4 in Spellcasting
  1705 | D:2      | Reached XP level 4. HP: 21/21 MP: 11/11
  1803 | D:2      | Reached skill level 5 in Hexes
  1966 | D:2      | Found a radiant altar of Vehumet.
  1966 | D:2      | Found a deep blue altar of Sif Muna.
  1966 | D:2      | Found an oddly glowing altar of Pakellas.
  2129 | D:3      | Found a shattered altar of Ashenzari.
  2929 | D:3      | Reached skill level 5 in Spellcasting
  2929 | D:3      | Reached XP level 5. HP: 24/24 MP: 7/13
  3559 | D:4      | Reached skill level 6 in Spellcasting
  3559 | D:4      | Reached XP level 6. HP: 28/28 MP: 11/16
  3682 | D:4      | Reached skill level 6 in Hexes
  3847 | D:4      | Reached skill level 2 in Short Blades
  3922 | D:4      | Got a brightly glowing short sword
  4102 | D:4      | Identified the cursed +1 short sword "Umoculaxt" {freeze, +Rage +Fly Stlth+} (You found it on level 4 of the Dungeon)
  4326 | D:4      | Reached skill level 5 in Stealth
  4684 | D:4      | Reached skill level 3 in Short Blades
  4706 | D:4      | Reached XP level 7. HP: 32/32 MP: 14/17
  4835 | D:4      | Reached skill level 4 in Dodging
  5245 | D:4      | Reached skill level 6 in Stealth
  5267 | D:4      | Reached skill level 4 in Short Blades
  5848 | D:5      | Entered Level 5 of the Dungeon
  5870 | D:5      | Noticed Edmund
  5905 | D:5      | Killed Edmund
  5905 | D:5      | Reached skill level 5 in Short Blades
  5905 | D:5      | Reached skill level 5 in Dodging
  6098 | D:5      | Reached skill level 7 in Stealth
  6111 | D:5      | Reached XP level 8. HP: 34/36 MP: 13/18
  6210 | D:5      | Noticed Duvessa
  6210 | D:5      | Noticed Dowan
  6232 | D:5      | Killed Dowan
  6252 | D:5      | Killed Duvessa
  6436 | D:5      | Reached skill level 6 in Short Blades
  6573 | D:5      | Reached skill level 6 in Dodging
  6598 | D:5      | Noticed Menkaure
  6606 | D:5      | Killed Menkaure
  6740 | D:5      | Found an oddly glowing altar of Pakellas.
  6750 | D:5      | Reached skill level 8 in Stealth
  7137 | D:6      | Found Verealac's Distillery.
  7150 | D:6      | Reached skill level 7 in Short Blades
  7310 | D:6      | Reached skill level 7 in Dodging
  7325 | D:6      | Reached skill level 9 in Stealth
  7325 | D:6      | Reached XP level 9. HP: 39/39 MP: 8/19
  7570 | D:6      | Reached skill level 8 in Short Blades
  7740 | D:6      | Found a sacrificial altar of Ru.
  8135 | D:7      | Found a white marble altar of Elyvilon.
  8349 | D:7      | Found a staircase to the Ecumenical Temple.
  8353 | Temple   | Entered the Ecumenical Temple
  8546 | Temple   | Became a worshipper of Gozag Ym Sagoz the Greedy
  8578 | D:7      | Found a sand-covered staircase.
  8582 | Ossuary  | Entered an ossuary
  8626 | Ossuary  | Reached skill level 8 in Dodging
  8672 | Ossuary  | Noticed AtomicRavioli's ghost (amateur NaGl)
  8739 | Ossuary  | Reached skill level 10 in Stealth
  8747 | Ossuary  | Killed AtomicRavioli's ghost
  8747 | Ossuary  | Reached skill level 9 in Short Blades
  9633 | D:7      | Reached skill level 9 in Dodging
  9715 | D:7      | You fall through a shaft for 2 floors!
  9744 | D:9      | Found a stormy altar of Qazlal.
  9873 | D:8      | Reached skill level 10 in Short Blades
  9873 | D:8      | Reached skill level 11 in Stealth
 10264 | D:7      | Reached XP level 10. HP: 43/43 MP: 20/20
 11201 | D:9      | Found a staircase to the Lair.
 11234 | D:9      | Reached skill level 11 in Short Blades
 11234 | D:9      | Reached skill level 10 in Dodging
 11495 | D:9      | Found a sparkling altar of Nemelex Xobeh.
 11577 | D:9      | Found a glowing silver altar of Zin.
 11579 | D:9      | Noticed an angel
 11611 | D:9      | Found a shimmering altar of Xom.
 11702 | D:9      | Reached skill level 12 in Stealth
 11757 | D:9      | HP: 7/43 [yak (15)]
 12430 | D:9      | Reached skill level 12 in Short Blades
 12578 | D:9      | Gained mutation: You are resistant to electric shocks. [potion of beneficial mutation]
 12594 | D:10     | Entered Level 10 of the Dungeon
 12594 | D:10     | Found Vetriovu's Magic Scroll Emporium.
 12631 | D:10     | Noticed a hill giant
 12636 | D:10     | Killed a hill giant
 12636 | D:10     | Reached skill level 11 in Dodging
 12636 | D:10     | Reached XP level 11. HP: 47/47 MP: 21/21
 12685 | D:10     | HP: 11/47 [orc priest/divine providence (16)]
 12975 | D:10     | Reached skill level 1 in Ice Magic
 12978 | D:10     | Reached skill level 13 in Stealth
 13527 | D:10     | Reached skill level 2 in Ice Magic
 14288 | D:11     | Reached skill level 12 in Dodging
 14307 | D:11     | Reached skill level 3 in Ice Magic
 14348 | D:11     | Reached skill level 14 in Stealth
 14902 | D:11     | Found a radiant altar of Vehumet.
 15055 | D:11     | Noticed a four-headed hydra
 15147 | D:11     | HP: 5/47 [four-headed hydra (11)]
 15613 | D:11     | HP: 4/47 [cyclops/large rock (43)]
 15654 | D:11     | Killed a four-headed hydra
 15654 | D:11     | Reached skill level 4 in Ice Magic
 15833 | D:11     | Noticed a centaur warrior
 15942 | D:11     | Killed a centaur warrior
 15942 | D:11     | Reached skill level 13 in Dodging
 16358 | D:12     | Noticed a hill giant
 16369 | D:12     | Killed a hill giant
 16369 | D:12     | Reached skill level 15 in Stealth
 16372 | D:12     | HP: 8/47 [orc warrior/enchanted trident (10)]
 16856 | D:11     | Reached XP level 12. HP: 51/51 MP: 19/22
 17140 | D:12     | Found a roughly hewn altar of Beogh.
 17140 | D:12     | Found a staircase to the Orcish Mines.
 17261 | D:12     | Reached skill level 7 in Hexes
 17593 | D:12     | Reached skill level 7 in Spellcasting
 17719 | D:12     | Identified the Volume of Dusty Creation
 18112 | D:12     | Identified a +0 iron rod (11/11) (You took it off an orc warrior on level 12 of the Dungeon)
 18130 | Orc:1    | Entered Level 1 of the Orcish Mines
 18159 | Orc:1    | Found Viacryes's Assorted Antiques.
 18525 | Orc:2    | Entered Level 2 of the Orcish Mines
 18525 | Orc:2    | Found Abbyczid's Antique Armour Shop.
 18528 | Orc:2    | Noticed Saint Roka
 18626 | Orc:2    | Reached skill level 8 in Hexes
 18638 | Orc:2    | Noticed an orc high priest
 18639 | Orc:2    | Noticed an orc warlord
 18650 | Orc:2    | Found Vit Kinn's Antique Weapon Boutique.
 18650 | Orc:2    | Found a staircase to the Elven Halls.
 18656 | Orc:1    | Reached skill level 8 in Spellcasting
 18724 | Orc:1    | Noticed Gastronok
 18752 | Orc:1    | Killed Gastronok
 18752 | Orc:1    | Reached skill level 16 in Stealth
 18810 | Orc:1    | Noticed Fannar
 18815 | Orc:1    | Killed Fannar
 18889 | Orc:2    | Found Tejilloudo's Antique Armour Shop.
 18906 | Orc:2    | Found Zuullut's General Store.
 18994 | Orc:2    | HP: 7/51 [orc warrior/flail of protection (16)]
 19006 | Orc:2    | Slain by an orc warrior

Vault maps used:
D:1:      minmay_arrival_doors
D:2:      gammafunk_temple_overflow_claw, kennysheep_generic_room_16
D:3:      cheibrodos_ashenzari_chains
D:4:      minmay_goblin_kobold_castle, first_bread, eino_curves_01
D:5:      kennysheep_diamond, hangedman_decor_peaks_small, saegor_snake_ambush,
          uniq_edmund, uniq_duvessa, uniq_menkaure
D:6:      lemuel_coloured_pillars_altar, serial_shops, shop_coins
D:7:      elyvilon_altar_4, minmay_temple_entry_glassed_door,
          nicolae_ossuary_entry_plus, kennysheep_generic_room_5
D:8:      lemuel_flamethrower_2
D:9:      grunt_temple_overflow_order_and_chaos_1,
          nicolae_overflow_crystal_walls, nemelex_xobeh_ov_fountains_minmay,
          minmay_lair_entry_grove, hangedman_pestilent_swarm
D:10:     serial_shops, shop, st_stairs_3, hangedman_decor_lopped, tgw_xom
D:11:     basic_altar
D:12:     david_orc_5, minmay_crystal_room
Temple:   chambers_temple_10
Orc:1:    serial_shops, nicolae_shop_stone, uniq_gastronok, uniq_fannar
Orc:2:    grunt_orc_gardens, grunt_orc_garden, grunt_orc_garden,
          grunt_orc_garden, grunt_orc_garden, lab_entry_generic, serial_shops,
          shop_statue, sword_in_stone, uniq_saint_roka
Ossuary:  ossuary_minmay_scorpions

Skill      XL: |  1  2  3  4  5  6  7  8  9 10 11 12 |
---------------+-------------------------------------+-----
Spellcasting   | 3 4 5 6 8 |  8.9
Hexes          | 4 5 6 8 |  8.9
Short Blades   | 3 5 7 10 12 | 12.0
Stealth        | 5 7 9 11 12 15 16 | 16.2
Dodging        | 5 7 9 11 13 | 13.9
Ice Magic      | 4 |  4.8

Action                   |  1- 3 |  4- 6 |  7- 9 | 10-12 || total
-------------------------+-------+-------+-------+-------++-------
Melee: Dagger            |    78 |   143 |   200 |   689 ||  1110
       Short sword       |       |       |   198 |    85 ||   283
Throw: Stone             |     4 |       |       |       ||     4
 Cast: Corona            |     3 |       |       |       ||     3
       Ensorcelled Hiber |     8 |    64 |    72 |   189 ||   333
       Confuse           |       |     2 |    33 |    49 ||    84
  Use: Scroll            |       |    13 |     4 |     8 ||    25
       Potion            |       |       |       |     5 ||     5
 Stab: Sleeping          |    19 |    55 |    70 |   118 ||   262
       Confused          |       |     1 |    20 |    28 ||    49
       Distracted        |       |       |     6 |    14 ||    20
  Eat: Pizza             |       |     1 |     1 |       ||     2
       Bread ration      |       |       |     1 |     1 ||     2
       Royal jelly       |       |       |       |     1 ||     1
       Fruit             |       |       |       |     4 ||     4

Vault maps used:
D:1:      minmay_arrival_doors
D:2:      gammafunk_temple_overflow_claw, kennysheep_generic_room_16
D:3:      cheibrodos_ashenzari_chains
D:4:      minmay_goblin_kobold_castle, first_bread, eino_curves_01
D:5:      kennysheep_diamond, hangedman_decor_peaks_small, saegor_snake_ambush,
          uniq_edmund, uniq_duvessa, uniq_menkaure
D:6:      lemuel_coloured_pillars_altar, serial_shops, shop_coins
D:7:      elyvilon_altar_4, minmay_temple_entry_glassed_door,
          nicolae_ossuary_entry_plus, kennysheep_generic_room_5
D:8:      lemuel_flamethrower_2
D:9:      grunt_temple_overflow_order_and_chaos_1,
          nicolae_overflow_crystal_walls, nemelex_xobeh_ov_fountains_minmay,
          minmay_lair_entry_grove, hangedman_pestilent_swarm
D:10:     serial_shops, shop, st_stairs_3, hangedman_decor_lopped, tgw_xom
D:11:     basic_altar
D:12:     david_orc_5, minmay_crystal_room
Temple:   chambers_temple_10
Orc:1:    serial_shops, nicolae_shop_stone, uniq_gastronok, uniq_fannar
Orc:2:    grunt_orc_gardens, grunt_orc_garden, grunt_orc_garden,
          grunt_orc_garden, grunt_orc_garden, lab_entry_generic, serial_shops,
          shop_statue, sword_in_stone, uniq_saint_roka
Ossuary:  ossuary_minmay_scorpions

Table legend:
 A = Turns spent in this place as a percentage of turns spent in the entire game.
 B = Non-inter-level travel turns spent in this place as a percentage of non-inter-level travel turns spent in the entire game.
 C = Inter-level travel turns spent in this place as a percentage of turns spent in this place.
 D = Turns resting spent in this place as a percentage of non-inter-level travel turns spent in this place.
 E = Turns spent auto-exploring this place as a percentage of non-inter-level travel turns spent in this place.
 F = Non-inter-level travel turns spent in this place divided by the number of levels of this place that you've seen.
                   A       B       C       D       E      F
               +-------+-------+-------+-------+-------+----------------------
         Total | 100.0 | 100.0 |   0.4 |   3.4 |   8.5 | 379.6
       Dungeon |  83.5 |  83.5 |   0.4 |   3.7 |   9.1 | 422.6
        Temple |   0.3 |   0.2 |  11.8 |   0.0 |  93.3 |  15.0
  Orcish Mines |   8.7 |   8.7 |   0.6 |   1.1 |   3.0 | 263.5
       Ossuary |   7.6 |   7.6 |   0.0 |   2.6 |   4.8 | 461.0
               +-------+-------+-------+-------+-------+----------------------

Table legend:
 A = Kills in this place as a percentage of kills in entire the game.
 B = Kills by you in this place as a percentage of kills by you in the entire game.
 C = Kills by friends in this place as a percentage of kills by friends in the entire game.
 D = Other kills in this place as a percentage of other kills in the entire game.
 E = Experience gained in this place as a percentage of experience gained in the entire game.
 F = Experience gained in this place divided by the number of levels of this place that you have seen.
                   A       B       C       D       E      F
               +-------+-------+-------+-------+-------+----------------------
         Total | 100.0 | 100.0 |  -nan |  -nan | 100.0 | 2095.1
       Dungeon |  85.1 |  85.1 |  -nan |  -nan |  74.5 | 2080.7
  Orcish Mines |   7.9 |   7.9 |  -nan |  -nan |  21.5 | 3597.0
       Ossuary |   6.9 |   6.9 |  -nan |  -nan |   4.1 | 1359.0
               +-------+-------+-------+-------+-------+----------------------
